AoeStats
← WavingCar9244

Arabia

508601750Analyzed
2v2 RM · 10d ago on Sep 23, 2026· 64m 49s· 4 players
Game mode
Random Map
Map size
Medium (4 player)
Population
200
Speed
Normal
Resources
Standard
Victory
Conquest
Starting age
Dark Age
Ending age
Imperial Age
RankedLock teamsTeams togetherTeam positionsShared explorationLock speedFull tech treeHidden civsTurbo modeCheats
Victory
Defeat
🇦🇷 Maya · Argentina
867
+14
🇦🇷 Varangians · Argentina
830
+15
🇵🇱 Burgundians · Poland
849
-16
🇨🇳 Goths · China
788
-13
WavingCar9244
3:30 Double-Bit Axe
4:13 Loom
9:57 Horse Collar
12:43 Feudal Age
15:28 Scale Barding Armor
18:03 Heavy Plow
18:17 Bow Saw
22:05 Fletching
22:44 Stone Mining
23:22 Gold Mining
25:31 Scale Mail Armor
27:20 Gold Shaft Mining
32:52 Castle Age
39:16 Bodkin Arrow
40:05 Murder Holes
41:44 Chain Barding Armor
42:43 Masonry
44:49 Husbandry
44:11 Cavalier
帝国的铁手
11:42 Feudal Age
16:18 Castle Age
15:05 Double-Bit Axe
16:04 Loom
17:46 Bow Saw
17:19 Horse Collar
20:29 Husbandry
24:35 Scale Mail Armor
24:41 Scale Barding Armor
26:38 Gold Mining
28:25 Wheelbarrow
33:23 Chain Mail Armor
33:29 Chain Barding Armor
38:18 Hand Cart
40:56 Anarchy
43:32 Imperial Age
42:46 Chain Barding Armor
42:37 Forging
42:34 Pikeman
43:15 Squires
42:36 Man-at-Arms
47:33 Conscription
50:33 Perfusion
55:40 Capped Ram
61:09 Cavalier
Boniato en el ano
2:11 Loom
12:47 Feudal Age
13:52 Double-Bit Axe
14:44 Wheelbarrow
27:13 Castle Age
31:12 Pikeman
39:06 Bow Saw
43:09 Hand Cart
44:34 Forging
44:24 Scale Mail Armor
44:29 Scale Barding Armor
44:22 Horse Collar
45:03 Heavy Plow
48:01 Squires
47:47 Arson
47:48 Gambesons
57:03 Town Watch
61:52 Caravan
65:52 Imperial Age
63:24 Town Patrol
Foxtrot
0:41 Loom
11:37 Feudal Age
12:35 Double-Bit Axe
13:29 Gold Mining
14:33 Fletching
18:34 Padded Archer Armor
20:56 Town Watch
21:23 Forging
27:15 Castle Age
27:04 Scale Mail Armor
27:02 Stone Mining
27:06 Horse Collar
28:35 Iron Casting
28:06 Bodkin Arrow
27:43 Crossbowman
33:21 Bow Saw
34:41 Iron Casting
36:06 Pikeman
36:47 Squires
37:43 Wheelbarrow
40:06 Hand Cart
41:48 Eagle Warrior
45:26 Imperial Age
44:57 Chain Mail Armor
45:18 Town Patrol
47:34 Elite Eagle Warrior
50:43 Two-Man Saw
50:37 Stone Shaft Mining
51:38 Halberdier
55:57 Conscription
58:47 Plate Mail Armor
60:33 Leather Archer Armor
60:18 Bracer
61:19 Blast Furnace
65:28 Holcans
64:29 Sappers
64:25 Capped Ram
Connection lost

Rejoining the realm…

Still unreachable

The connection could not be restored.

Session expired

The server has moved on; the page needs a fresh start.